 Dungeon Crawl Stone Soup version 0.30.0-5-g1a98f26d00 (webtiles) character file.

Game seed: 17622967550719653388

854 PoweredByGinger the Cleaver (level 7, -4/56 HPs)
             Began as a Minotaur Gladiator on May 9, 2023.
             Was an Initiate of Makhleb.
             Slain by an iguana (12 damage)
             ... on level 4 of the Dungeon.
             The game lasted 00:04:16 (3669 turns).

PoweredByGinger the Cleaver (Minotaur Gladiator)    Turns: 3669, Time: 00:04:17

Health: -4/56      AC:  3    Str: 21    XL:     7   Next: 70%
Magic:  0/6        EV: 14    Int:  5    God:    Makhleb [......]
Gold:   171        SH:  0    Dex: 11    Spells: 6/6 levels left

rFire   . . .        a - +0 war axe
rCold   . . .        (no shield)
rNeg    . . .        b - +0 leather armour
rPois   .            c - +0 hat
rElec   .            (no cloak)
rCorr   .            (no gloves)
SInv    .            (no boots)
Will    +....        (no amulet)
Stlth   +            l - ring of willpower
HPRegen 0.29/turn    (no ring)
MPRegen 0.10/turn

%: no passive effects
@: hasted, very quick
A: horns 2, retaliatory headbutt
a: Renounce Religion


You were on level 4 of the Dungeon.
You worshipped Makhleb.
Makhleb was noncommittal.
You visited 2 branches of the dungeon, and saw 5 of its levels.

You collected 171 gold pieces.

Inventory:

Hand Weapons
 a - a +0 war axe (weapon)
 w - a +1 whip of freezing
Missiles
 d - 2 throwing nets (quivered)
 e - a javelin
Armour
 b - a +0 leather armour (worn)
 c - a +0 hat (worn)
Jewellery
 l - a ring of willpower (left hand)
Wands
 v - a wand of flame (22)
Scrolls
 f - a scroll of acquirement {unknown}
 g - 5 scrolls of fear {unknown}
 h - 5 scrolls of identify {unknown}
 j - 2 scrolls of teleportation {unknown}
 k - a scroll of brand weapon {unknown}
 p - a scroll of immolation {unknown}
 q - a scroll of magic mapping {unknown}
 r - a scroll of enchant weapon {unknown}
 t - a scroll of summoning {unknown}
 x - a scroll of blinking {unknown}
Potions
 i - 2 potions of haste
 n - a potion of degeneration {unknown}
 o - 2 potions of ambrosia {unknown}
 s - a potion of brilliance {unknown}
 u - a potion of heal wounds {unknown}


   Skills:
 - Level 2.4 Fighting
 + Level 8.9 Axes
 - Level 2.0 Throwing
 + Level 6.9 Dodging


You had 6 spell levels left.
You didn't know any spells.
Your spell library contained the following spells:

 Spells                   Type           Power      Damage    Failure   Level
 Necrotise                Necr           0%         1d4       52%         1
 Shock                    Conj/Air       0%         1d3       52%         1
 Swiftness                Air            0%         N/A       88%         3
 Vampiric Draining        Necr           0%         2d6       88%         3
 Airstrike                Air            0%         2d(0-16)  99%         4
 Agony                    Necr           0%         N/A       100%        5


Dungeon Overview and Level Annotations

Branches:
Dungeon (4/15)             Temple (1/1) D:4

Altars:
Ashenzari
Cheibriados
Dithmenos
Hepliaklqana
Kikubaaqudgha
Makhleb
Ru
Sif Muna
Uskayaw
Vehumet
Wu Jian
Yredelemnul
Zin
The Shining One

Annotations:
D:4 Blork the orc


Innate Abilities, Weirdness & Mutations

You have a pair of horns on your head.
You reflexively headbutt those who attack you in melee.


Message History

* * * LOW HITPOINT WARNING * * *
Unknown command.
Unknown command.
Unknown command.
You slash the orc wizard!
You kill the orc wizard!
Makhleb accepts your kill.
You hit the iguana but do no damage. You completely miss the orc.
You completely miss Blork the orc.
Blork the orc gestures at you while chanting.
The puff of frost hits you.
* * * LOW HITPOINT WARNING * * *
The iguana closely misses you. The orc closely misses you.
Unknown command.
Okay, then.
It was a potion of haste.
You feel yourself speed up.
Blork the orc gestures at you while chanting.
The puff of flame misses you. The iguana closely misses you.
The orc completely misses you.
It was a potion of curing.
You feel better. The iguana closely misses you. You furiously retaliate!
You headbutt the iguana, but do no damage.
Blork the orc closely misses you. The orc hits you with a +0 whip.
* * * LOW HITPOINT WARNING * * *
You feel better.
You slash the orc!
You kill the orc!
Makhleb accepts your kill.
You closely miss Blork the orc. You barely miss the iguana.
Blork the orc looks encouraged for a moment.
The iguana barely misses you.
Unknown command.
You barely miss Blork the orc. Your headbutt misses Blork the orc.
Blork the orc is heavily wounded.
You slash the iguana!
Blork the orc hits you with a +0 antimagic mace!
* * * LOW HITPOINT WARNING * * *
You feel your power leaking away. The iguana bites you!
You die...

#....##...........>#.....
##...)##............#.....
#....)).............#.....
#....)..............#.....
#.....###+######...###....
#.....##...|..# ...#
#.............# ....
##....##..)...#
#....##.@o...#
#....#..l)...#
#....##......#
#....##......#
#....#.........
#....#..........
#.......... #..........


You could see Blork the orc and an iguana.

Vanquished Creatures
  Pikel (D:4)
  An ogre (D:4)
  A hound (D:3)
  A gnoll bouda (D:4)
  Jessica (D:2)
  An orc wizard (D:4)
  3 gnolls (D:4)
  8 adders
  7 worms
  11 orcs
  5 endoplasms
  3 giant cockroaches (D:4)
  5 goblins
  11 hobgoblins
  3 quokkas (D:2)
  6 ball pythons
  10 bats
  A frilled lizard (D:2)
  11 kobolds
  9 rats
99 creatures vanquished.

Notes
Turn   | Place    | Note
-------+----------+-------------------------------------------
     0 | D:1      | PoweredByGinger the Minotaur Gladiator began the quest for
                  | the Orb.
     0 | D:1      | Reached XP level 1. HP: 18/18 MP: 0/0
   184 | D:1      | Reached skill level 4 in Axes
   241 | D:1      | Reached XP level 2. HP: 11/25 MP: 1/1
   944 | D:2      | Noticed Jessica
   948 | D:2      | Reached skill level 5 in Axes
   951 | D:2      | Killed Jessica
   952 | D:2      | Reached XP level 3. HP: 22/30 MP: 2/2
  1374 | D:2      | Reached XP level 4. HP: 34/37 MP: 3/3
  1662 | D:2      | Reached skill level 6 in Axes
  1805 | D:2      | Found a faded altar of an unknown god.
  2007 | D:3      | Found a shimmering blue altar of Sif Muna.
  2261 | D:3      | Reached XP level 5. HP: 42/42 MP: 4/4
  2814 | D:4      | Found a staircase to the Ecumenical Temple.
  2832 | Temple   | Entered the Ecumenical Temple
  2998 | Temple   | Became a worshipper of Makhleb the Destroyer
  3085 | D:4      | Found a glowing golden altar of the Shining One.
  3106 | D:4      | Found a glowing silver altar of Zin.
  3109 | D:4      | Found an ornate altar of the Wu Jian Council.
  3119 | D:4      | Found a radiant altar of Vehumet.
  3136 | D:4      | Found a basalt altar of Yredelemnul.
  3244 | D:4      | Noticed an ogre
  3251 | D:4      | Killed an ogre
  3252 | D:4      | Reached skill level 7 in Axes
  3252 | D:4      | Reached skill level 5 in Dodging
  3252 | D:4      | Reached XP level 6. HP: 19/50 MP: 5/5
  3377 | D:4      | Noticed Pikel
  3399 | D:4      | Killed Pikel
  3400 | D:4      | Reached skill level 8 in Axes
  3400 | D:4      | Reached XP level 7. HP: 16/56 MP: 6/6
  3651 | D:4      | Noticed Blork the orc
  3669 | D:4      | Slain by an iguana

Illustrated notes

Levels and vault maps discovered:
D:1:      onia_arrival_pentagram, layout_basic
D:2:      layout_loops_corners, basic_ecumenical_altar, minmay_misc_feat_room,
          st_stairs_2, grunt_ministairs_11, minmay_misc_feat_ornament,
          uniq_jessica
D:3:      minmay_spotlight, layout_loops_ring, led_sif_pool, serial_rivers,
          chequers_serial_rivers_marsh, chequers_serial_rivers_room_b,
          chequers_serial_rivers_small_3, chequers_serial_rivers_small_a,
          chequers_serial_rivers_large_a, chequers_serial_rivers_small_3
D:4:      layout_gridville, grunt_temple_overflow_open,
          minmay_temple_entry_stoned_glass, grunt_decor_mini_mirrors,
          uniq_blork_the_orc, uniq_pikel
Temple:   hellmonk_temple_flake

Skill      XL: |  1  2  3  4  5  6 |
---------------+-------------------+-----
Axes           | 4 5 6 7 8 |  8.9
Dodging        | 4 5 6 |  6.9
Fighting       | |  2.4
Throwing       | |  2.0

Action                     |  1- 3 |  4- 6 |  7- 9 || total
---------------------------+-------+-------+-------++-------
  Melee: War axe           |    50 |   116 |    26 ||   192
         Headbutt          |     5 |    14 |     2 ||    21
         Punch             |     1 |       |       ||     1
  Throw: Throwing net      |       |     2 |       ||     2
    Use: Potion            |       |       |     3 ||     3
 Armour: Leather armour    |    14 |    19 |     4 ||    37
  Dodge: Dodged            |    29 |    71 |    30 ||   130
